 Dungeon Crawl Stone Soup version 0.28-a0-863-g8cecda6153 (webtiles) character file.

Game seed: 176015496199799799

37 AlleluiaPinecone the Skirmisher (level 3, -2/33 HPs)
             Began as a Hill Orc Fighter on Nov 19, 2021.
             Slain by a kobold (3 damage)
             ... on level 2 of the Dungeon.
             The game lasted 00:01:29 (880 turns).

AlleluiaPinecone the Skirmisher (Hill Orc Fighter)   Turns: 880, Time: 00:01:29

Health: -2/33      AC:  6    Str: 18    XL:     3   Next: 39%
Magic:  3/3        EV:  9    Int:  8    God:
Gold:   76         SH:  4    Dex: 11    Spells: 2/2 levels left

rFire   . . .      SeeInvis .   a - +0 war axe
rCold   . . .      Faith    .   c - +0 buckler
rNeg    . . .      Spirit   .   b - +0 scale mail
rPois   .          Reflect  .   (no helmet)
rElec   .          Harm     .   (no cloak)
rCorr   .          Rampage  .   (no gloves)
Will    .....                   (no boots)
Stlth   ..........              (no amulet)
HPRegen 0.11/turn               (no ring)
MPRegen 0.08/turn               (no ring)

@: no status effects
A: no striking features
a: no special abilities


You were on level 2 of the Dungeon.
You visited 1 branch of the dungeon, and saw 2 of its levels.

You collected 76 gold pieces.

Inventory:

Hand Weapons
 a - a +0 war axe (weapon)
Armour
 b - a +0 scale mail (worn)
 c - a +0 buckler (worn)
Scrolls
 e - a scroll of teleportation {unknown}
 h - a scroll of identify {unknown}
Potions
 d - a potion of might
 f - a potion of curing {unknown}
 g - a potion of flight {unknown}


   Skills:
 + Level 4.2 Fighting
 + Level 3.6 Axes
 + Level 3.5 Armour
 + Level 0.2 Dodging
 + Level 3.4 Shields


You had 2 spell levels left.
You didn't know any spells.
Your spell library was empty.

Dungeon Overview and Level Annotations

Branches:
Dungeon (2/15)

Altars:


Message History

Done exploring.
There is a stone staircase leading down here.
You climb downwards.
The kobold shouts!
You hear a shout!
Found a stone staircase leading down.
There is a stone staircase leading up here.
A kobold comes into view.
It is wielding a +2 dagger of electrocution.
The kobold shouts!
Found a scroll labelled YMIPYX LU VYCK.
You barely miss the worm.
The kobold throws a stone.
The stone hits you. You block the worm's attack.
You slash the worm!
The worm is heavily wounded.
The worm bites you.
You slash the worm!
You kill the worm!
The kobold throws a stone.
The stone closely misses you.
A worm comes into view.
You block the kobold's attack. x2
You barely miss the kobold. You closely miss the kobold.
The kobold hits you but does no damage.
You are electrocuted!
Ouch! That really hurt!
The kobold hits you but does no damage.
The kobold hits you with a +2 dagger of electrocution.
You are electrocuted!
* * * LOW HITPOINT WARNING * * *
You are too injured to fight recklessly!
You are too injured to fight recklessly!
You are too injured to fight recklessly!
Unknown command.
You are too injured to fight recklessly!
Unknown command.
You are too injured to fight recklessly!
Unknown command.
You are too injured to fight recklessly!
Unknown command.
You slash the kobold!
You kill the kobold!
You barely miss the kobold. The kobold hits you with a +0 dagger.
You die...

..?... ####.
...... ...#.
......# #...
....... ...#
....... #..
.......##.# #
......†.#.###
..#
#..@).#.....
##..K....w.>
######.#..#
.. .


You could see a worm and a kobold.

Vanquished Creatures
  A worm (D:2)
  2 ball pythons (D:1)
  4 bats (D:1)
  5 endoplasms (D:1)
  A giant cockroach (D:1)
  3 goblins (D:1)
  2 hobgoblins (D:1)
  2 kobolds
  2 quokkas (D:1)
  9 rats (D:1)
31 creatures vanquished.

Notes
Turn   | Place    | Note
-------+----------+-------------------------------------------
     0 | D:1      | AlleluiaPinecone the Hill Orc Fighter began the quest for
                  | the Orb.
     0 | D:1      | Reached XP level 1. HP: 19/19 MP: 1/1
    85 | D:1      | Reached XP level 2. HP: 22/27 MP: 2/2
   180 | D:1      | Reached skill level 4 in Fighting
   453 | D:1      | Reached XP level 3. HP: 32/33 MP: 3/3
   879 | D:2      | HP: 1/33 [kobold (12)]
   880 | D:2      | Slain by a kobold

Illustrated notes

Levels and vault maps discovered:
D:1:      tarquinn_simple_flora_water_a, layout_basic, minmay_rat_gold_closets
D:2:      layout_rooms

Skill      XL: |  1  2 |
---------------+-------+-----
Axes           | 3 |  3.6
Fighting       | 4 |  4.2
Armour         | |  3.5
Dodging        | |  0.2
Shields        | |  3.4

Action                   || total
-------------------------++-------
Melee: War axe           ||    77
Armor: Scale mail        ||    30
Dodge: Dodged            ||    40
Block: Buckler           ||    23

Table legend: (Time is in decaauts)
 A = Elapsed time spent in this place.
 B = Non-inter-level travel time spent in this place.
 C = Inter-level travel time spent in this place.
 D = Time resting spent in this place.
 E = Time spent auto-exploring this place.
 F = Levels seen in this place.
 G = Mean time per level.
                   A        B        C        D        E       F      G
               +--------+--------+--------+--------+--------+-----+--------+
         Total |    906 |    906 |      0 |      0 |    727 |   2 |  453.0 |
       Dungeon |    906 |    906 |      0 |      0 |    727 |   2 |  453.0 |
               +--------+--------+--------+--------+--------+-----+--------+

Top non-repeatable levels by time:
     D:1: 895 daAuts
     D:2: 11 daAuts
